WCL
GASTONIA ROCKETS @ SPARTANBURG SPARTANS
07/09/1982
 
TOP OF THE 1ST
Gastonia Rockets batting - Pitching for Spartanburg Spartans : LHP Michael Bungarz
Pitching: LHP Michael Bungarz
Batting: RHB Glenn Jones 0-0: Ball
1-0: Ball
2-0: Called Strike
2-1: Ball
3-1: SINGLE (Groundball, 6MD, EV 96.3 MPH)
Batting: RHB Jackie Wright 0-0: Ball
Glenn Jones is caught stealing 2nd base 2-4
1-0: Ball
2-0: Called Strike
2-1: Ground out 3-1 (Groundball, 34, EV 86.9 MPH)
Batting: RHB James Crawford 0-0: Ball
1-0: Ball
2-0: Ball
3-0: Called Strike
3-1: Foul Ball, location: 2F
3-2: Foul Ball, location: 2F
3-2: Foul Ball, location: 2F
3-2: Foul Ball, location: 2F
3-2: Foul Ball, location: 2F
3-2: Foul Ball, location: 2F
3-2: Fly out, F3 (Popup, 3F, EV 61.9 MPH)
Top of the 1st over - 0 runs, 1 hit, 0 errors, 0 left on base; Gastonia 0 - Spartanburg 0
BOTTOM OF THE 1ST
Spartanburg Spartans batting - Pitching for Gastonia Rockets : RHP Jesus Aguilar
Pitching: RHP Jesus Aguilar
Batting: SHB Michael Vanderburg 0-0: Fly out, F5 (Popup, 5DF, EV 71.3 MPH)
Batting: RHB Van Sowards 0-0: Called Strike
0-1: Foul Ball, location: 2F
0-2: Foul Ball, location: 2F
0-2: Ball
1-2: SINGLE (Groundball, 4MD, EV 95.6 MPH)
Batting: RHB Gib Seibert 0-0: Called Strike
0-1: Ball
1-1: Called Strike
1-2: Fielders Choice at 2nd, 6-4 (Groundball, 6D, EV 97.5 MPH)
Batting: LHB John Hennell 0-0: Swinging Strike
0-1: Ball
1-1: Foul Ball, location: 2F
1-2: Ball
2-2: Foul Ball, location: 2F
2-2: Strikes out swinging
Bottom of the 1st over - 0 runs, 1 hit, 0 errors, 1 left on base; Gastonia 0 - Spartanburg 0
TOP OF THE 2ND
Gastonia Rockets batting - Pitching for Spartanburg Spartans : LHP Michael Bungarz
Batting: RHB Mark Davidson 0-0: Called Strike
0-1: Ball
1-1: Ball
2-1: Ball
3-1: Base on Balls
Batting: LHB Reginald Thomas 0-0: Ball
1-0: Ball
2-0: Foul Ball, location: 2F
2-1: Foul Ball, location: 2F
2-2: SINGLE (Groundball, 34D, EV 104.4 MPH)
Mark Davidson to second
Runner from 2nd tries for 3rd, SAFE, throw by RF made to third
Batting: RHB Pat Dumouchelle 0-0: Ball
1-0: SINGLE (Groundball, 4D, EV 98.8 MPH)
Mark Davidson scores
Reginald Thomas to second
Runner from 2nd tries for 3rd, SAFE, no throw by CF
Batting: LHB Dale Holman 0-0: Ball
1-0: Ball
2-0: Ball
3-0: Called Strike
3-1: Foul Ball, location: 2F
3-2: Strikes out looking
Pat Dumouchelle is caught stealing 2nd base 2-6
Batter strikes out.
Batting: RHB Donald Murelli 0-0: Ball
1-0: Ball
2-0: SINGLE (Line Drive, 4D, EV 94.4 MPH)
Reginald Thomas scores
Batting: RHB Stanley Haas 0-0: Ball
1-0: Foul Ball, location: 2F
1-1: Foul Ball, location: 2F
1-2: Reached on error, E5 (Groundball, 56, EV 85.6 MPH)
Donald Murelli to second
Batting: RHB Glenn Jones 0-0: Ball
1-0: Called Strike
1-1: Foul Ball, location: 2F
1-2: Strikes out swinging
Top of the 2nd over - 2 runs, 3 hits, 1 error, 2 left on base; Gastonia 2 - Spartanburg 0
BOTTOM OF THE 2ND
Spartanburg Spartans batting - Pitching for Gastonia Rockets : RHP Jesus Aguilar
Batting: RHB Dan Boever 0-0: Ball
1-0: Ball
2-0: SOLO HOME RUN (Flyball, 78XD, EV 112.5 MPH), Distance : 405 ft
Batting: LHB Ross Kingsley 0-0: Called Strike
0-1: Foul Ball, location: 2F
0-2: SINGLE (Groundball, 4MD, EV 104.4 MPH)
Batting: LHB Albert Ortiz 0-0: Foul Ball, location: 2F
0-1: Called Strike
0-2: Ball
1-2: Strikes out swinging
Batting: RHB Ron Dillard 0-0: Ball
1-0: Fielders Choice at 2nd, 1-4 (Groundball, 15, EV 69.4 MPH)
Batting: RHB Robin Dreizler 0-0: Called Strike
0-1: Ball
1-1: Ball
2-1: Fly out, F5 (Popup, 5S, EV 66.9 MPH)
Bottom of the 2nd over - 1 run, 2 hits, 0 errors, 1 left on base; Gastonia 2 - Spartanburg 1
TOP OF THE 3RD
Gastonia Rockets batting - Pitching for Spartanburg Spartans : LHP Michael Bungarz
Batting: RHB Jackie Wright 0-0: Ground out U3 (Groundball, 3, EV 81.9 MPH)
Batting: RHB James Crawford 0-0: Reached on error, E5 (Groundball, 5, EV 83.1 MPH)
Batting: RHB Mark Davidson 0-0: Ground out 5-3 (Groundball, 56S, EV 79.4 MPH)
Batting: LHB Reginald Thomas 0-0: Ball
1-0: Ball
2-0: Fly out, F8 (Flyball, 8RXD, EV 100.0 MPH)
Top of the 3rd over - 0 runs, 0 hits, 1 error, 1 left on base; Gastonia 2 - Spartanburg 1
BOTTOM OF THE 3RD
Spartanburg Spartans batting - Pitching for Gastonia Rockets : RHP Jesus Aguilar
Batting: SHB Michael Vanderburg 0-0: Called Strike
0-1: Foul Ball, location: 2F
0-2: Foul Ball, location: 2F
0-2: Ball
1-2: Foul Ball, location: 2F
1-2: Ball
2-2: Strikes out swinging
Batting: RHB Van Sowards 0-0: Ball
1-0: Ground out 6-3 (Groundball, 6, EV 101.9 MPH)
Batting: RHB Gib Seibert 0-0: Ball
1-0: Called Strike
1-1: Ball
2-1: Called Strike
2-2: Ball
3-2: Fly out, F8 (Flyball, 8RM, EV 84.4 MPH)
Bottom of the 3rd over - 0 runs, 0 hits, 0 errors, 0 left on base; Gastonia 2 - Spartanburg 1
TOP OF THE 4TH
Gastonia Rockets batting - Pitching for Spartanburg Spartans : LHP Michael Bungarz
Batting: RHB Pat Dumouchelle 0-0: Ball
1-0: SINGLE (Line Drive, 9S, EV 89.4 MPH)
Batting: LHB Dale Holman 0-0: Ground out 6-3 (Groundball, 56, EV 101.3 MPH)
Pat Dumouchelle to second
Batting: RHB Donald Murelli 0-0: Called Strike
Pat Dumouchelle steals 3rd base
0-1: Ball
1-1: SINGLE (Line Drive, 7LS, EV 85.6 MPH)
Pat Dumouchelle scores
Batting: RHB Stanley Haas 0-0: Foul Ball, location: 2F
0-1: Swinging Strike
0-2: Strikes out swinging
Donald Murelli steals 2nd base
Batter strikes out.
Batting: RHB Glenn Jones 0-0: Called Strike
0-1: Ball
1-1: Foul Ball, location: 2F
1-2: Ball
2-2: Ground out 6-3 (Groundball, 6M, EV 76.9 MPH)
Top of the 4th over - 1 run, 2 hits, 0 errors, 1 left on base; Gastonia 3 - Spartanburg 1
BOTTOM OF THE 4TH
Spartanburg Spartans batting - Pitching for Gastonia Rockets : RHP Jesus Aguilar
Batting: LHB John Hennell 0-0: Fly out, F9 (Flyball, 89D, EV 94.4 MPH)
Batting: RHB Dan Boever 0-0: Ball
1-0: Ball
2-0: Called Strike
2-1: Foul Ball, location: 2F
2-2: Ball
3-2: SOLO HOME RUN (Line Drive, 7D, EV 101.9 MPH), Distance : 365 ft
Batting: LHB Ross Kingsley 0-0: Swinging Strike
0-1: Foul Ball, location: 2F
0-2: Strikes out swinging
Batting: LHB Albert Ortiz 0-0: Ground out 6-3 (Groundball, 6, EV 88.8 MPH)
Bottom of the 4th over - 1 run, 1 hit, 0 errors, 0 left on base; Gastonia 3 - Spartanburg 2
TOP OF THE 5TH
Gastonia Rockets batting - Pitching for Spartanburg Spartans : LHP Michael Bungarz
Batting: RHB Jackie Wright 0-0: Ball
1-0: Ball
2-0: Called Strike
2-1: Ball
3-1: Ground out 6-3 (Groundball, 6, EV 82.5 MPH)
Batting: RHB James Crawford 0-0: Ball
1-0: Ground out 6-3 (Groundball, 6, EV 98.1 MPH)
Batting: RHB Mark Davidson 0-0: Called Strike
0-1: Swinging Strike
0-2: Ball
1-2: Strikes out swinging
Top of the 5th over - 0 runs, 0 hits, 0 errors, 0 left on base; Gastonia 3 - Spartanburg 2
BOTTOM OF THE 5TH
Spartanburg Spartans batting - Pitching for Gastonia Rockets : RHP Jesus Aguilar
Batting: RHB Ron Dillard 0-0: Called Strike
0-1: Ball
1-1: Fly out, F8 (Flyball, 8RD, EV 92.5 MPH)
Batting: RHB Robin Dreizler 0-0: Called Strike
0-1: Ground out 6-3 (Groundball, 6, EV 78.8 MPH)
Batting: SHB Michael Vanderburg 0-0: Foul Ball, location: 2F
0-1: Foul Ball, location: 2F
0-2: Ball
1-2: Ball
2-2: Foul Ball, location: 2F
2-2: Ball
3-2: Ground out 4-3 (Groundball, 4, EV 99.4 MPH)
Bottom of the 5th over - 0 runs, 0 hits, 0 errors, 0 left on base; Gastonia 3 - Spartanburg 2
TOP OF THE 6TH
Gastonia Rockets batting - Pitching for Spartanburg Spartans : LHP Michael Bungarz
Batting: LHB Reginald Thomas 0-0: Ball
1-0: Ball
2-0: Ball
3-0: Called Strike
3-1: Ground out 4-3 (Groundball, 4, EV 84.4 MPH)
Batting: RHB Pat Dumouchelle 0-0: Ball
1-0: Foul Ball, location: 2F
1-1: Ball
2-1: Called Strike
2-2: Ball
3-2: Base on Balls
Batting: LHB Dale Holman 0-0: Swinging Strike
0-1: Ball
1-1: Foul Ball, location: 2F
1-2: Strikes out swinging
Pitching: LHP Chuck Cary
Batting: RHB Donald Murelli 0-0: Called Strike
0-1: Ball
1-1: Ball
2-1: Fielders Choice at 2nd, 6-4 (Groundball, 6, EV 86.3 MPH)
Top of the 6th over - 0 runs, 0 hits, 0 errors, 1 left on base; Gastonia 3 - Spartanburg 2
BOTTOM OF THE 6TH
Spartanburg Spartans batting - Pitching for Gastonia Rockets : RHP Jesus Aguilar
Batting: RHB Van Sowards 0-0: Ball
1-0: Ball
2-0: Ball
3-0: Called Strike
3-1: Foul Ball, location: 2F
3-2: Base on Balls
Batting: RHB Gib Seibert 0-0: Called Strike
0-1: Swinging Strike
0-2: Ball
1-2: Fly out, F3 (Line Drive, 3, EV 65.6 MPH)
Batting: LHB John Hennell 0-0: Ball
1-0: Foul Ball, location: 2F
1-1: Ball
2-1: Fly out, F8 (Flyball, 8RM, EV 83.1 MPH)
Batting: RHB Dan Boever 0-0: Called Strike
0-1: Ball
1-1: Foul Ball, location: 2F
1-2: Ball
2-2: Foul Ball, location: 2F
2-2: Ball
3-2: Base on Balls
Van Sowards to second
Batting: LHB Ross Kingsley 0-0: Ball
1-0: Called Strike
1-1: Fly out, F7 (Line Drive, 7, EV 95.6 MPH)
Bottom of the 6th over - 0 runs, 0 hits, 0 errors, 2 left on base; Gastonia 3 - Spartanburg 2
TOP OF THE 7TH
Gastonia Rockets batting - Pitching for Spartanburg Spartans : LHP Chuck Cary
Batting: RHB Stanley Haas 0-0: Foul Ball, location: 2F
0-1: Foul Ball, location: 2F
0-2: Strikes out swinging
Batting: RHB Glenn Jones 0-0: Ball
1-0: Ball
2-0: Ball
3-0: Called Strike
3-1: SOLO HOME RUN (Flyball, 78XD, EV 95.6 MPH), Distance : 435 ft
Batting: RHB Jackie Wright 0-0: Ball
1-0: Swinging Strike
1-1: Fly out, F8 (Line Drive, 8LM, EV 87.5 MPH)
Batting: RHB James Crawford 0-0: Foul Ball, location: 2F
0-1: Foul Ball, location: 2F
0-2: Ball
1-2: Strikes out swinging
Top of the 7th over - 1 run, 1 hit, 0 errors, 0 left on base; Gastonia 4 - Spartanburg 2
BOTTOM OF THE 7TH
Spartanburg Spartans batting - Pitching for Gastonia Rockets : RHP Jesus Aguilar
Batting: LHB Albert Ortiz 0-0: Ball
1-0: Ground out 6-3 (Groundball, 6, EV 105.6 MPH)
Batting: RHB Ron Dillard 0-0: Called Strike
0-1: Foul Ball, location: 2F
0-2: Ball
1-2: Ground out 5-3 (Groundball, 25, EV 73.1 MPH)
Batting: RHB Robin Dreizler 0-0: Called Strike
0-1: Fly out, F8 (Flyball, 8LS, EV 93.8 MPH)
Bottom of the 7th over - 0 runs, 0 hits, 0 errors, 0 left on base; Gastonia 4 - Spartanburg 2
TOP OF THE 8TH
Gastonia Rockets batting - Pitching for Spartanburg Spartans : LHP Chuck Cary
Batting: RHB Mark Davidson 0-0: Ball
1-0: Called Strike
1-1: SOLO HOME RUN (Flyball, 7D, EV 95.0 MPH), Distance : 377 ft
Batting: LHB Reginald Thomas 0-0: Ball
1-0: Fly out, F7 (Flyball, 7LS, EV 85.0 MPH)
Batting: RHB Pat Dumouchelle 0-0: Ball
1-0: Ball
2-0: Foul Ball, location: 2F
2-1: Ball
3-1: Base on Balls
Batting: LHB Dale Holman 0-0: Ball
1-0: Fielders Choice at 2nd, 4-6 (Groundball, 4, EV 87.5 MPH)
Batting: RHB Donald Murelli 0-0: Called Strike
0-1: Fly out, F4 (Line Drive, 4, EV 76.3 MPH)
Top of the 8th over - 1 run, 1 hit, 0 errors, 1 left on base; Gastonia 5 - Spartanburg 2
BOTTOM OF THE 8TH
Spartanburg Spartans batting - Pitching for Gastonia Rockets : RHP Jesus Aguilar
Batting: SHB Michael Vanderburg 0-0: Ball
1-0: DOUBLE (Flyball, 8RXD, EV 100.6 MPH)
Batting: RHB Van Sowards 0-0: Ball
1-0: Foul Ball, location: 2F
1-1: Foul Ball, location: 2F
1-2: Foul Ball, location: 2F
1-2: Ball
2-2: SINGLE (Flyball, 89S, EV 93.8 MPH)
Michael Vanderburg to third
Batting: RHB Gib Seibert 0-0: Ball
1-0: Grounds into double play, 6-4-3 (Groundball, 6, EV 85.6 MPH)
Michael Vanderburg scores
Batting: LHB John Hennell 0-0: Ball
1-0: Foul Ball, location: 2F
1-1: Called Strike
1-2: Foul Ball, location: 2F
1-2: Hit by Pitch
Batting: RHB Dan Boever 0-0: Called Strike
0-1: Ball
1-1: Swinging Strike
1-2: Strikes out swinging
Bottom of the 8th over - 1 run, 2 hits, 0 errors, 1 left on base; Gastonia 5 - Spartanburg 3
TOP OF THE 9TH
Gastonia Rockets batting - Pitching for Spartanburg Spartans : LHP Chuck Cary
Batting: RHB Stanley Haas 0-0: Called Strike
0-1: Foul Ball, location: 2F
0-2: Ball
1-2: Ground out 2-3 (Groundball, 2R, EV 74.4 MPH)
Batting: RHB Glenn Jones 0-0: Ball
1-0: Foul Ball, location: 2F
1-1: Ball
2-1: Ground out 5-3 (Groundball, 56, EV 104.4 MPH)
Batting: RHB Jackie Wright 0-0: Ball
1-0: Ground out 6-3 (Groundball, 6, EV 85.6 MPH)
Top of the 9th over - 0 runs, 0 hits, 0 errors, 0 left on base; Gastonia 5 - Spartanburg 3
BOTTOM OF THE 9TH
Spartanburg Spartans batting - Pitching for Gastonia Rockets : RHP Jesus Aguilar
Pitching: RHP Harvey Akers
Batting: LHB Ross Kingsley 0-0: Fly out, F8 (Flyball, 89D, EV 98.1 MPH)
Batting: LHB Albert Ortiz 0-0: Fly out, F9 (Flyball, 89D, EV 86.3 MPH)
Batting: RHB Ron Dillard 0-0: Ball
1-0: Ground out 6-3 (Groundball, 6, EV 84.4 MPH)
Bottom of the 9th over - 0 runs, 0 hits, 0 errors, 0 left on base; Gastonia 5 - Spartanburg 3
Thursday, August 13th, 2020 - OOTP Baseball 21.5 Build 76